 Dungeon Sprint DCSS version bcrawl-1.12-11-gb93c957c58 (webtiles) character file.

Game seed: 10845938713652547685

3039 Freyura the Warrior (level 9, -1/104 HPs)
             Began as a Hill Orc Berserker on June 21, 2019.
             Was a High Priest of Trog.
             Impaled on a porcupine's spines (13 damage)
             ... in the Dungeon (Sprint IX: "|||||||||||||||||||||||||||||").
             The game lasted 00:06:20 (433 turns).

Freyura the Warrior (Hill Orc Berserker)             Turns: 433, Time: 00:06:20

Health: -1/104     AC:  6    Str: 23    XL:     9   Next: 86%
Magic:  9/9        EV: 14    Int:  7    God:    Trog [*****.]
Gold:   4          SH:  0    Dex: 20    Spells: 8/8 levels left

rFire    . . .     SeeInvis .   o - +2 dire flail "Kost" {vamp, Dex+7}
rCold    . . .     Gourm    .   (shield currently unavailable)
rNeg     . . .     Faith    .   w - +0 troll leather armour
rPois    .         Spirit   .   t - +0 helmet
rElec    .         Reflect  .   (no cloak)
rCorr    .         Harm     .   (no gloves)
MR       .....     NoTele   +   u - +0 pair of boots
Stlth    ++........             (no amulet)
HPRegen  0.67/turn              c - +3 ring of strength
MPRegen  0.11/turn              r - +2 ring of evasion

@: berserk cooldown, slowed, very slow
A: no striking features
a: Berserk, Trog's Hand, Brothers in Arms, Renounce Religion


You were in the Dungeon.
You worshipped Trog.
Trog was extremely pleased with you.
You were hungry.

You visited 1 branch You collected 4 gold pieces.

Inventory:

Hand Weapons
 a - a +0 mace
 n - the +2 scimitar of Nikkie {drain, +Blink rF- rN++ Dex+10}
   (You found it in the Dungeon)

   A truly terrible weapon, it drains the life of those it strikes.
   It affects your dexterity (+10).
   It makes you vulnerable to fire.
   It greatly protects you from negative energy.
   It lets you blink.
 o - the +2 dire flail "Kost" (weapon) {vamp, Dex+7}
   (You found it in the Dungeon)

   It inflicts no extra harm, but heals its wielder when it wounds a living foe.
   It affects your dexterity (+7).
 p - a +1 broad axe of electrocution
 q - a +0 lajatang
 v - the +3 quarterstaff "Kuonuq" {crush, Int+2}
   (Trog gifted it to you in the Dungeon)

   It inflicts extra damage upon your enemies.
   It affects your intelligence (+2).
Armour
 b - a +0 animal skin
 s - a +0 plate armour
 t - a +0 helmet (worn)
 u - a +0 pair of boots (worn)
 w - a +0 troll leather armour (worn)
Jewellery
 c - a +3 ring of strength (left hand)
 r - a +2 ring of evasion (right hand)
Wands
 m - a wand of acid (10)
Scrolls
 i - 3 scrolls of blinking
 l - 5 scrolls of remove curse
 y - a scroll of fog
 A - a scroll of fear
Potions
 d - 6 potions of curing
 e - 5 potions of heal wounds
 f - a potion of haste
 g - 4 potions of magic
 h - 2 potions of berserk rage
 k - a potion of invisibility
 x - a potion of brilliance
 z - a potion of might
Comestibles
 j - a chunk of flesh


   Skills:
 * Level 17.8 Fighting
   Level 17.8 Short Blades
   Level 17.8 Long Blades
   Level 17.8 Axes
   Level 17.8 Maces & Flails
   Level 17.8 Polearms
   Level 17.8 Staves
 + Level 3.6 Armour
 - Level 1.5 Dodging
   Level 17.8 Unarmed Combat


You had 8 spell levels left.
You didn't know any spells.
Your spell library was empty.

Dungeon Overview and Level Annotations

Branches:
Dungeon (1/1)

Altars:
Cheibriados
Dithmenos
Elyvilon
Fedhas
Gozag
Hepliaklqana
Kikubaaqudgha
Lugonu
Makhleb
Nemelex Xobeh
Okawaru
Qazlal
Ru
Sif Muna
Trog
Uskayaw
Vehumet
Wu Jian
Xom
Yredelemnul
Zin
The Shining One
Beogh
Jiyva


Message History

Trog accepts your kill.
You are no longer berserk.
You are exhausted.
You feel yourself slow down. The porcupine misses you.
You see here a porcupine corpse.
You completely miss the porcupine. The porcupine barely misses you.
The blink frog blinks!
You closely miss the porcupine. The porcupine misses you.
You closely miss the porcupine. The porcupine closely misses you.
The blink frog blinks!
You are struck by the porcupine's spines.
* * * LOW HITPOINT WARNING * * *
You hit the porcupine.
The porcupine is lightly wounded.
The blink frog hits you!
* * * LOW HITPOINT WARNING * * *
The porcupine bites you!
* * * LOW HITPOINT WARNING * * *
You are struck by the porcupine's spines.
You die...

▓.▓.▓_▓
▓.▓.▓_▓
▓.▓.▓_▓
▓'▓.▓_▓
▓)▓.▓_▓
▓.▓.▓_▓
▓.▓.▓_▓
▓F▓.▓_▓
▓@▓.▓_▓
▓r▓.▓_▓
▓§▓.▓_▓
▓.▓.▓_▓
▓.▓.▓_▓
▓+▓.▓_▓
▓.▓_▓
▓.▓_▓
▓.▓_▓


You could see a blink frog and a porcupine.

Vanquished Creatures
  A hydra (D)
  A cyclops (D)
  A deep elf mage (D)
  2 rime drakes (D)
  A troll (D)
  A basilisk (D)
  A porcupine (D)
  2 water moccasins (D)
  An orc warrior (D)
  A bullfrog (D)
  A wight (D)
  A hound (D)
  An iguana (D)
  A worker ant (D)
  An adder (D)
  A dart slug (D)
  A bat zombie (D)
  A giant cockroach (D)
  A ball python zombie (D)
  A frilled lizard (D)
  A jackal skeleton (D)
  2 kobolds (D)
  2 leopard gecko zombies (D)
  A quokka skeleton (D)
  A rat (D)
29 creatures vanquished.

Notes
Turn   | Place    | Note
-------+----------+-------------------------------------------
     0 | D        | Freyura the Hill Orc Berserker began the quest for the Orb.
     0 | D        | Reached XP level 1. HP: 22/22 MP: 1/1
     5 | D        | Reached skill level 5 in Fighting
     9 | D        | Reached ** piety under Trog
    22 | D        | Noticed a hound
    26 | D        | Reached *** piety under Trog
    29 | D        | Reached skill level 6 in Fighting
    29 | D        | Reached XP level 2. HP: 30/30 MP: 2/2
    30 | D        | Reached skill level 7 in Fighting
    30 | D        | Reached XP level 3. HP: 39/39 MP: 3/3
    41 | D        | Found a roughly hewn altar of Beogh.
    41 | D        | Found a snail-covered altar of Cheibriados.
    41 | D        | Found a shadowy altar of Dithmenos.
    41 | D        | Found a white marble altar of Elyvilon.
    41 | D        | Found a blossoming altar of Fedhas.
    41 | D        | Found an opulent altar of Gozag.
    42 | D        | Found a hazy altar of Hepliaklqana.
    43 | D        | Found a viscous altar of Jiyva.
    44 | D        | Found an ancient bone altar of Kikubaaqudgha.
    45 | D        | Found a corrupted altar of Lugonu.
    46 | D        | Found a burning altar of Makhleb.
    47 | D        | Found a sparkling altar of Nemelex Xobeh.
    48 | D        | Found an iron altar of Okawaru.
    49 | D        | Found a stormy altar of Qazlal.
    50 | D        | Found a sacrificial altar of Ru.
    51 | D        | Found a deep blue altar of Sif Muna.
    52 | D        | Found a bloodstained altar of Trog.
    53 | D        | Found a hide-covered altar of Uskayaw.
    54 | D        | Found a radiant altar of Vehumet.
    55 | D        | Found an ornate altar of the Wu Jian Council.
    56 | D        | Found a shimmering altar of Xom.
    57 | D        | Found a basalt altar of Yredelemnul.
    58 | D        | Found a glowing silver altar of Zin.
    59 | D        | Found a glowing golden altar of the Shining One.
    76 | D        | Got the +2 scimitar of Nikkie {drain, +Blink rF- rN++
                  | Dex+10}
    76 | D        | Got the +2 dire flail "Kost" {vamp, Dex+7}
   110 | D        | Noticed an orc warrior
   119 | D        | Killed an orc warrior
   119 | D        | Reached **** piety under Trog
   119 | D        | Reached skill level 9 in Fighting
   119 | D        | Reached XP level 4. HP: 50/50 MP: 4/4
   119 | D        | Reached XP level 5. HP: 57/57 MP: 5/5
   125 | D        | Reached skill level 10 in Fighting
   143 | D        | Reached ***** piety under Trog
   220 | D        | Noticed a deep elf mage
   220 | D        | Noticed a troll
   220 | D        | Noticed a cyclops
   223 | D        | Reached skill level 11 in Fighting
   223 | D        | Reached XP level 6. HP: 68/68 MP: 6/6
   228 | D        | Killed a deep elf mage
   228 | D        | Received a gift from Trog
   228 | D        | Reached skill level 13 in Fighting
   228 | D        | Reached XP level 7. HP: 80/80 MP: 7/7
   230 | D        | Killed a troll
   230 | D        | Reached skill level 14 in Fighting
   230 | D        | Reached XP level 8. HP: 90/90 MP: 8/8
   235 | D        | Killed a cyclops
   235 | D        | Reached skill level 15 in Fighting
   241 | D        | Got a pitted quarterstaff {god gift}
   389 | D        | Identified the +3 quarterstaff "Kuonuq" {crush, Int+2}
                  | (Trog gifted it to you in the Dungeon)
   390 | D        | Noticed a blink frog
   390 | D        | Noticed a rime drake
   390 | D        | Noticed a rime drake
   392 | D        | Noticed a seven-headed hydra
   397 | D        | Reached skill level 16 in Fighting
   402 | D        | Killed a rime drake
   402 | D        | Received a gift from Trog
   402 | D        | Reached XP level 9. HP: 101/101 MP: 9/9
   408 | D        | Killed a rime drake
   419 | D        | Killed a seven-headed hydra
   419 | D        | Reached skill level 17 in Fighting
   433 | D        | Impaled on a porcupine's spines

Skill      XL: |  1  2  3  4  5  6  7  8  9 |
---------------+----------------------------+-----
Fighting       | 6 7 9 11 13 14 16 17 | 17.8
Armour         | 3 |  3.6
Short Blades   | | 17.8
Long Blades    | | 17.8
Axes           | | 17.8
Maces & Flails | | 17.8
Polearms       | | 17.8
Staves         | | 17.8
Dodging        | |  1.5
Unarmed Combat | | 17.8

Action                   |  1- 3 |  4- 6 |  7- 9 || total
-------------------------+-------+-------+-------++-------
Melee: Mace              |    18 |       |       ||    18
       Punch             |     1 |       |       ||     1
       Dire flail        |     7 |    32 |    42 ||    81
Invok: Berserk           |     2 |     1 |     1 ||     4
       Trog's Hand       |       |     1 |       ||     1
  Use: Scroll            |       |       |     1 ||     1
  Eat: Ration            |     1 |       |       ||     1
       Chunk             |       |     1 |     2 ||     3
Armor: Animal skin       |     2 |     4 |       ||     6
       Troll leather arm |       |       |     5 ||     5
Dodge: Dodged            |    10 |    17 |    21 ||    48
